 Dungeon Crawl Stone Soup version 0.27-a0-679-g77a6b55cf3 (webtiles) character file.

Game seed: 9282421890183218212

1481 sizableburger the Digger (level 8, -5/58 HPs)
             Began as a Demonspawn Earth Elementalist on Mar 18, 2021.
             Slain by Pikel
             ... wielding a +0 whip of electrocution
              (19 damage)
             ... on level 6 of the Dungeon.
             The game lasted 00:23:22 (9396 turns).

sizableburger the Digger (DsEE)                     Turns: 9396, Time: 00:23:23

Health: -5/58      AC:  6    Str:  8    XL:     8   Next: 50%
Magic:  1/14       EV: 12    Int: 22    God:
Gold:   295        SH:  0    Dex: 13    Spells: 5/15 levels left

rFire    + . .     SeeInvis .   e - +1 whip (venom)
rCold    . . .     Faith    .   (no shield)
rNeg     . . .     Spirit   .   c - +2 robe
rPois    .         Reflect  .   (no helmet)
rElec    .         Harm     .   (no cloak)
rCorr    .         Rampage  .   r - +1 pair of gloves
Will     .....                  (boots unavailable)
Stlth    +.........             (no amulet)
HPRegen  0.19/turn              g - ring of protection from fire
MPRegen  0.28/turn              (no ring)

@: hasted, very quick
A: hooves 3, magic regeneration, big brain 1
a: no special abilities


You were on level 6 of the Dungeon.
You visited 1 branch of the dungeon, and saw 6 of its levels.

You collected 295 gold pieces.

Inventory:

Hand Weapons
 a - a +0 flail
 e - a +1 whip of venom (weapon)
Missiles
 p - 25 stones
Armour
 c - a +2 robe (worn)
 q - the +3 ring mail of Charity {+Fly rC+ Slay+2 SInv}
   (You found it on level 4 of the Dungeon)

   It affects your accuracy and damage with ranged weapons and melee attacks
   (+2).
   It protects you from cold.
   It lets you see invisible.
   It lets you fly.
 r - a +1 pair of gloves (worn)
Jewellery
 b - a ring of fire
 g - a ring of protection from fire (right hand)
 n - a ring of fire
Wands
 f - a wand of random effects (22)
Scrolls
 m - a scroll of amnesia
 o - 2 scrolls of teleportation
Potions
 h - 2 potions of curing
 i - 2 potions of resistance
 j - a potion of ambrosia
 k - a potion of attraction {unknown}
 l - a potion of lignification {unknown}
 t - a potion of brilliance {unknown}


   Skills:
 - Level 3.1 Fighting
 + Level 5.3 Maces & Flails
 - Level 1.8 Dodging
 - Level 1.7 Stealth
 + Level 4.0 Spellcasting
 - Level 2.0 Conjurations
 - Level 3.0 Transmutations
 + Level 5.8 Earth Magic


You had 5 spell levels left.
You knew the following spells:

 Your Spells              Type           Power      Damage    Failure   Level
a - Sandblast             Erth           60%        2d14      1%          1
b - Passwall              Tmut/Erth      19%        N/A       2%          2
c - Stone Arrow           Conj/Erth      42%        3d9       7%          3
d - Petrify               Tmut/Erth      23%        N/A       19%         4

Your spell library contained the following spells:

 Spells                   Type           Power      Damage    Failure   Level
 Summon Small Mammal      Summ           16%        N/A       11%         1
 Call Imp                 Summ           4%         N/A       17%         2
 Sublimation of Blood     Necr           2%         N/A       17%         2
 Ignite Poison            Fire/Tmut/Pois 8%         N/A       22%         3
 Lee's Rapid Deconstruct  Erth           15%        3d11*     28%         5
 Call Canine Familiar     Summ           4%         N/A       32%         3
 Summon Guardian Golem    Hex/Summ       4%         N/A       32%         3
 Summon Ice Beast         Ice/Summ       4%         N/A       73%         4
 Summon Lightning Spire   Summ/Air       4%         N/A       73%         4
 Irradiate                Conj/Tmut      7%         3d16      73%         5
 Alistair's Intoxication  Tmut/Pois      7%         N/A       86%         5
 Eringya's Noxious Bog    Tmut/Pois      5%         N/A       100%        6


Dungeon Overview and Level Annotations

Branches:
Dungeon (6/15)
 Temple: D:4-7

Altars:
Gozag
Makhleb
Ru
Uskayaw
Vehumet
Wu Jian

Annotations:
D:2 Sigmund
D:3 3 runed translucent doors, rednaxela's ghost, amateur PaSu
D:5 1 runed translucent door, GoldenjunoSP's ghost, novice GrMo
D:6 Pikel


Innate Abilities, Weirdness & Mutations

You have hooves in place of feet.
You regenerate magic rapidly.
You have an unusually large brain. (Int +2)


Message History

Casting: Stone Arrow (dangerous; 7% risk of failure)
Confirm with . or Enter, or press ? or * to list all spells.
Aiming: Stone Arrow (dangerous; 7% risk of failure)
Press: ? - help, Shift-Dir - straight line, f/p - Pikel
Aim: Pikel, wielding a +0 whip of electrocution and wearing a +0 robe (lightly wounded, 36% to evade)
The stone arrow hits Pikel!
Pikel is heavily wounded.
Pikel hits you with a +0 whip of electrocution.
Casting: Stone Arrow (dangerous; 7% risk of failure)
Confirm with . or Enter, or press ? or * to list all spells.
Aiming: Stone Arrow (dangerous; 7% risk of failure)
Press: ? - help, Shift-Dir - straight line, f - lemure, p - Pikel
Aim: a lemure (36% to evade)
The stone arrow hits Pikel!
Pikel is severely wounded.
Pikel says, "You'll make a fine lemure."
Pikel closely misses you.
Casting: Stone Arrow (dangerous; 7% risk of failure)
Confirm with . or Enter, or press ? or * to list all spells.
Aiming: Stone Arrow (dangerous; 7% risk of failure)
Press: ? - help, Shift-Dir - straight line, f/p - lemure
Aim: a lemure (36% to evade)
The stone arrow hits Pikel.
Pikel is severely wounded.
Pikel hits you with a +0 whip of electrocution!
You are electrocuted!!
Casting: Stone Arrow (dangerous; 7% risk of failure)
Confirm with . or Enter, or press ? or * to list all spells.
Aiming: Stone Arrow (dangerous; 7% risk of failure)
Press: ? - help, Shift-Dir - straight line, f - Pikel, p - lemure
Aim: Pikel, wielding a +0 whip of electrocution and wearing a +0 robe (severely wounded, 36% to evade)
The stone arrow hits Pikel!
Pikel is almost dead.
Pikel drinks a potion.
Pikel is healed!
Okay, then.
You feel yourself speed up.
Pikel hits you with a +0 whip of electrocution!
* * * LOW HITPOINT WARNING * * *
You are electrocuted!!
You die...

#?# #.# #.# #.#
#.###.# #.# #.#..[#
#.#####.#.###
#.......#.#### ##
########.....### ..
#..##.#<[ #.######
#..#..###
#.5K@..######..#..)##
####....#.........[[.
#....#.#.##.###.#.
#...†#.#.#......#[
###....#.########.
######.# ## #.# #.#
#.#


You could see Pikel and a lemure.

Vanquished Creatures
  An ice beast (D:5)
  A black bear (D:2)
  2 ogres
  A centaur (D:5)
  A lemure (D:6)
  A scorpion (D:5)
  4 wights (D:6)
  A jelly (D:6)
  2 howler monkeys
  2 hounds
  A centaur skeleton (D:4)
  An iguana (D:3)
  Jessica (D:2)
  5 orc wizards
  5 worker ants
  A hound skeleton (D:4)
  2 worker ant zombies (D:5)
  5 gnolls (D:2)
  11 adders
  2 river rats (D:5)
  A shadow imp (D:5)
  A white imp (D:5)
  2 oozes
  An adder skeleton (D:5)
  2 worms
  2 dart slugs
  A leopard gecko (D:2)
  11 orcs
  6 bats
  10 giant cockroaches
  4 goblins
  10 hobgoblins
  5 jackals
  4 quokkas
  3 ball pythons
  3 frilled lizards
  A giant cockroach zombie (D:5)
  7 kobolds
  9 rats
133 creatures vanquished.

Vanquished Creatures (others)
  A ball python (D:2)
  3 fungi (D:3)
  A plant (D:3)
5 creatures vanquished.

Grand Total: 138 creatures vanquished

Notes
Turn   | Place    | Note
-------+----------+-------------------------------------------
     0 | D:1      | sizableburger the Demonspawn Earth Elementalist began the
                  | quest for the Orb.
     0 | D:1      | Reached XP level 1. HP: 13/13 MP: 3/3
    69 | D:1      | Reached skill level 1 in Transmutations
   228 | D:1      | Gained mutation: You regenerate magic rapidly. [demonic
                  | ancestry]
   228 | D:1      | Reached XP level 2. HP: 15/20 MP: 0/5
   473 | D:1      | Learned a level 2 spell: Passwall
  1065 | D:1      | Reached skill level 1 in Fighting
  1334 | D:2      | Reached skill level 1 in Maces & Flails
  1406 | D:2      | Found a burning altar of Makhleb.
  1417 | D:2      | Gained mutation: You have an unusually large brain. (Int
                  | +2) [demonic ancestry]
  1417 | D:2      | Reached XP level 3. HP: 17/26 MP: 2/6
  1673 | D:2      | Learned a level 3 spell: Stone Arrow
  1884 | D:2      | Noticed a black bear
  1902 | D:2      | HP: 1/27 [black bear (2)]
  1911 | D:2      | Killed a black bear
  1912 | D:2      | Reached skill level 1 in Conjurations
  1912 | D:2      | Gained mutation: You have large cloven feet. [demonic
                  | ancestry]
  1912 | D:2      | Reached XP level 4. HP: 25/34 MP: 4/7
  1912 | D:2      | Gained mutation: You have hoof-like feet. [demonic
                  | ancestry]
  1912 | D:2      | Reached XP level 5. HP: 29/39 MP: 4/8
  2218 | D:2      | Found an opulent altar of Gozag.
  2539 | D:2      | Found an ornate altar of the Wu Jian Council.
  2618 | D:2      | Found a hide-covered altar of Uskayaw.
  2734 | D:2      | Found a faded altar of an unknown god.
  2734 | D:2      | Noticed Jessica
  2745 | D:2      | Killed Jessica
  2806 | D:2      | Found a radiant altar of Vehumet.
  2829 | D:2      | Noticed Sigmund
  2924 | D:3      | Reached XP level 6. HP: 34/47 MP: 7/9
  3957 | D:3      | Found a runed translucent gate.
  3957 | D:3      | Found a runed translucent gate.
  3957 | D:3      | Found a runed translucent gate.
  3958 | D:3      | Identified the +10 short sword of Wounding {chaos, +Fly
                  | Int-5 Dex+6}
  3958 | D:3      | Noticed rednaxela's ghost (amateur PaSu)
  5718 | D:4      | Reached XP level 7. HP: 51/52 MP: 0/10
  6591 | D:4      | Identified the +3 ring mail of Charity {+Fly rC+ Slay+2
                  | SInv}
  6753 | D:5      | Entered Level 5 of the Dungeon
  6930 | D:5      | Noticed GoldenjunoSP's ghost (novice GrMo)
  6932 | D:5      | Found a runed translucent door.
  7457 | D:5      | Reached skill level 5 in Earth Magic
  7482 | D:5      | Learned a level 4 spell: Petrify
  7663 | D:5      | Found a sacrificial altar of Ru.
  8138 | D:5      | Gained mutation: You have hooves in place of feet. [demonic
                  | ancestry]
  8138 | D:5      | Reached XP level 8. HP: 49/58 MP: 12/12
  8491 | D:5      | Identified the +4 hand axe of Calamity {protect, rPois rC+
                  | Int+5}
  8591 | D:5      | Reached skill level 5 in Maces & Flails
  9388 | D:6      | Noticed Pikel
  9396 | D:6      | Slain by Pikel

Illustrated notes

Levels and vault maps discovered:
D:1:      dpeg_arrival_rooms_a, layout_basic, grunt_decor_mini_mirrors,
          minmay_tromino_i2
D:2:      wad_pebble_path, layout_basic, overflow_temple_1_default,
          nicolae_gozag_cash_rules_everything_around_me, fiery_altar_vehumet,
          makhleb_blood_cavern_becter, nicolae_wu_jian_immortal_techniques,
          chequers_ecumenical_altar_lobes, uniq_sigmund, uniq_jessica
D:3:      cheibrodos_helix_gallery, layout_basic, gammafunk_ghost_nasty_kobolds,
          minmay_cut_off
D:4:      layout_loops_corners
D:5:      layout_loops_ring, general_overflow_altar,
          hellmonk_ghost_happy_afterlife, portal_sewer_entry_e
D:6:      layout_basic, fedhas_altar_fruit_tree, nicolae_ossuary_entry_monument,
          uniq_pikel

Skill      XL: |  1  2  3  4  5  6  7  8 |
---------------+-------------------------+-----
Transmutations | 1 2 3 |  3.0
Earth Magic    | 3 4 5 |  5.8
Fighting       | 1 2 3 |  3.1
Maces & Flails | 1 2 3 4 5 |  5.3
Conjurations   | 1 2 |  2.0
Spellcasting   | 3 4 |  4.0
Dodging        | |  1.8
Stealth        | |  1.7

Action                   |  1- 3 |  4- 6 |  7- 9 || total
-------------------------+-------+-------+-------++-------
Melee: Club              |   105 |       |       ||   105
       Whip              |       |   143 |   281 ||   424
       Kick              |       |       |    13 ||    13
 Cast: Sandblast         |    34 |    34 |    25 ||    93
       Passwall          |     1 |       |     1 ||     2
       Stone Arrow       |       |    19 |    38 ||    57
  Use: Scroll            |     4 |     1 |     7 ||    12
       Potion            |     3 |     2 |     2 ||     7
 Stab: Sleeping          |     3 |     1 |     1 ||     5
       Distracted        |       |     1 |       ||     1
Armor: Robe              |    40 |    30 |    55 ||   125
Dodge: Dodged            |   103 |    86 |   140 ||   329

Table legend: (Time is in decaauts)
 A = Elapsed time spent in this place.
 B = Non-inter-level travel time spent in this place.
 C = Inter-level travel time spent in this place.
 D = Time resting spent in this place.
 E = Time spent auto-exploring this place.
 F = Levels seen in this place.
 G = Mean time per level.
                   A        B        C        D        E       F      G
               +--------+--------+--------+--------+--------+-----+--------+
         Total |   9373 |   9010 |    363 |   3418 |   4109 |   6 | 1562.2 |
       Dungeon |   9373 |   9010 |    363 |   3418 |   4109 |   6 | 1562.2 |
               +--------+--------+--------+--------+--------+-----+--------+

Top non-repeatable levels by time:
     D:3: 2175 daAuts
     D:5: 1995 daAuts
     D:4: 1864 daAuts
     D:2: 1572 daAuts
     D:1: 1333 daAuts
     D:6: 431 daAuts
